% Time on Ice - SALEM BLACK JAYS
Lines # - Real PCT - Wanted PCT - Time Play
Normal Forward
1 - 33% - 36% - 15:22
2 - 39% - 36% - 17:48
3 - 19% - 20% - 8:52
4 - 8% - 8% - 3:51
Normal Defense
1 - 34% - 36% - 15:28
2 - 35% - 31% - 15:57
3 - 29% - 23% - 13:25
4 - 2% - 10% - 1:03
PP Forward
1 - 54% - 55% - 1:12
2 - 46% - 45% - 1:01
PP Defense
1 - 46% - 55% - 1:01
2 - 54% - 45% - 1:12
PK Forward
1 - 57% - 55% - 6:48
2 - 43% - 45% - 5:06
PK Defense
1 - 61% - 55% - 7:19
2 - 39% - 45% - 4:35
PK3 Forward
1 - 0% - 55%
2 - 0% - 45%
PK3 Defense
1 - 0% - 55%
2 - 0% - 45%
44 Forward
1 - 0% - 55%
2 - 0% - 45%
44 Defense
1 - 0% - 55%
2 - 0% - 45%
Last Minute Offensive  - 0:00
Last Minute Defensive  - 0:00
Total
Forward - 60:00
Defense - 60:00
% Time on Ice - SAN JOSE BRONCOS
Lines # - Real PCT - Wanted PCT - Time Play
Normal Forward
1 - 33% - 36% - 14:57
2 - 27% - 31% - 12:33
3 - 16% - 23% - 7:20
4 - 24% - 10% - 11:03
Normal Defense
1 - 36% - 37% - 16:27
2 - 36% - 35% - 16:37
3 - 27% - 28% - 12:19
4 - 1% - 0% - 0:30
PP Forward
1 - 51% - 55% - 6:05
2 - 49% - 45% - 5:49
PP Defense
1 - 52% - 55% - 6:11
2 - 48% - 45% - 5:43
PK Forward
1 - 56% - 55% - 1:14
2 - 44% - 45% - 0:59
PK Defense
1 - 45% - 55% - 1:00
2 - 55% - 45% - 1:13
PK3 Forward
1 - 0% - 55%
2 - 0% - 45%
PK3 Defense
1 - 0% - 50%
2 - 0% - 50%
44 Forward
1 - 0% - 50%
2 - 0% - 50%
44 Defense
1 - 0% - 50%
2 - 0% - 50%
Last Minute Offensive  - 0:00
Last Minute Defensive  - 0:00
Total
Forward - 60:00
Defense - 60:00
Play-by-Play 1st period 0:01 of 1st period - Dylan Larkin wins face-off versus Evgeni Malkin in neutral zone. 0:08 of 1st period - Shot by Dylan Larkin. 0:08 of 1st period - Stopped by Jacob Markstrom with a rebound. 0:10 of 1st period - Shot by Mitchell Marner. 0:10 of 1st period - Stopped by Jacob Markstrom without a rebound. 0:11 of 1st period - Mathew Barzal wins face-off versus Nick Bonino in SAN JOSE BRONCOS zone. 0:14 of 1st period - Shot by Mikko Rantanen. 0:14 of 1st period - Stopped by Jacob Markstrom without a rebound. 0:15 of 1st period - Nick Bonino wins face-off versus Casey Cizikas in SAN JOSE BRONCOS zone. 0:27 of 1st period - Marco Scandella is hit by Casey Cizikas and loses puck. 1:20 of 1st period - Shot by Mathew Barzal. 1:20 of 1st period - Stopped by Jacob Markstrom without a rebound. 1:21 of 1st period - Dylan Larkin wins face-off versus Evgeni Malkin in SAN JOSE BRONCOS zone. 2:01 of 1st period - Off-side. 2:02 of 1st period - Jordan Weal wins face-off versus Mathew Barzal in neutral zone. 2:12 of 1st period - Minor Penalty to Mikko Rantanen for Holding. 2:13 of 1st period - Nick Bonino wins face-off versus Casey Cizikas in SALEM BLACK JAYS zone. 2:32 of 1st period - Shot by Dustin Brown. 2:32 of 1st period - Stopped by Mike Smith without a rebound. 2:33 of 1st period - Par Lindholm wins face-off versus Evgeni Malkin in SALEM BLACK JAYS zone. 2:50 of 1st period - Michal Kempny is hit by Zach Parise and loses puck. 3:19 of 1st period - Shot by Evgeni Malkin. 3:19 of 1st period - Shot Misses the Net. 3:43 of 1st period - Shot by Oliver Bjorkstrand. 3:43 of 1st period - Stopped by Mike Smith without a rebound. 3:44 of 1st period - Nick Bonino wins face-off versus Par Lindholm in SALEM BLACK JAYS zone. 4:06 of 1st period - Icing by Dustin Brown. 4:07 of 1st period - Nick Bonino wins face-off versus Par Lindholm in SAN JOSE BRONCOS zone. 4:31 of 1st period - Mathew Barzal is hit by Nick Holden and loses puck. 5:08 of 1st period - Joshua Morrissey is hit by Carter Rowney and loses puck. 5:21 of 1st period - Shot by Zach Parise. 5:21 of 1st period - Shot Misses the Net. 5:23 of 1st period - Shot by Brady Skjei. 5:23 of 1st period - Shot Misses the Net. 5:45 of 1st period - Shot by Dustin Brown. 5:45 of 1st period - Shot Misses the Net. 5:47 of 1st period - Shot by Zach Parise. 5:47 of 1st period - Stopped by Mike Smith with a rebound. 5:57 of 1st period - Shot by Dustin Brown. 5:57 of 1st period - Stopped by Mike Smith with a rebound. 6:01 of 1st period - Shot by Zach Parise. 6:01 of 1st period - Stopped by Mike Smith without a rebound. 6:02 of 1st period - Dylan Larkin wins face-off versus Evgeni Malkin in SALEM BLACK JAYS zone. 6:19 of 1st period - Shot by Evgeni Malkin. 6:19 of 1st period - Stopped by Mike Smith without a rebound. 6:20 of 1st period - Evgeni Malkin wins face-off versus Marcus Johansson in SALEM BLACK JAYS zone. 6:27 of 1st period - Shot by Alexander Radulov. 6:27 of 1st period - Shot Misses the Net. 6:29 of 1st period - Shot by Alexander Radulov. 6:29 of 1st period - Goal by Alexander Radulov - SALEM BLACK JAYS : 0 - SAN JOSE BRONCOS : 1. 6:30 of 1st period - Nick Bonino wins face-off versus Dylan Larkin in neutral zone. 6:32 of 1st period - Off-side. 6:33 of 1st period - Nick Bonino wins face-off versus Dylan Larkin in neutral zone. 6:59 of 1st period - Mitchell Marner is hit by Brady Skjei and loses puck. 7:15 of 1st period - Mitchell Marner is hit by Brady Skjei and loses puck. 7:41 of 1st period - Minor Penalty to Cody Ceci for High sticking. 7:42 of 1st period - Par Lindholm wins face-off versus Evgeni Malkin in SALEM BLACK JAYS zone. 7:56 of 1st period - Shot by Alexander Radulov. 7:56 of 1st period - Stopped by Mike Smith without a rebound. 7:57 of 1st period - Nick Bonino wins face-off versus Casey Cizikas in SALEM BLACK JAYS zone. 8:26 of 1st period - Par Lindholm is hit by Dustin Brown and loses puck. 9:03 of 1st period - Anthony DeAngelo is hit by Evgeni Malkin and loses puck. 9:36 of 1st period - Shot by Oliver Bjorkstrand. 9:36 of 1st period - Shot Hit the Post. 9:38 of 1st period - Shot by Nick Bonino. 9:38 of 1st period - Shot Misses the Net. 10:22 of 1st period - Shot by Mikko Rantanen. 10:22 of 1st period - Deflect By Mathew Barzal. 10:22 of 1st period - Shot Blocked by Jaccob Slavin. 10:29 of 1st period - Minor Penalty to Carter Rowney for Hooking. 10:30 of 1st period - Matthew Calvert wins face-off versus Alexander Radulov in SAN JOSE BRONCOS zone. 10:41 of 1st period - Shot by Dylan Larkin. 10:41 of 1st period - Shot Hit the Post. 10:43 of 1st period - Shot by Dylan Larkin. 10:43 of 1st period - Goal by Dylan Larkin - SALEM BLACK JAYS : 1 - SAN JOSE BRONCOS : 1. 10:44 of 1st period - Evgeni Malkin wins face-off versus Casey Cizikas in neutral zone. 10:44 of 1st period - Evgeni Malkin is hit by Casey Cizikas. 10:55 of 1st period - Oliver Bjorkstrand is hit by Adam Larsson and loses puck. 11:06 of 1st period - Shot by Oliver Bjorkstrand. 11:06 of 1st period - Stopped by Mike Smith without a rebound. 11:07 of 1st period - Nick Bonino wins face-off versus Matthew Calvert in SALEM BLACK JAYS zone. 11:26 of 1st period - Shot by Nick Bonino. 11:26 of 1st period - Stopped by Mike Smith without a rebound. 11:27 of 1st period - Evgeni Malkin wins face-off versus Mathew Barzal in SALEM BLACK JAYS zone. 12:25 of 1st period - Icing by Scott Mayfield. 12:26 of 1st period - Nick Bonino wins face-off versus Dylan Larkin in SALEM BLACK JAYS zone. 12:39 of 1st period - Shot by Zach Parise. 12:39 of 1st period - Stopped by Mike Smith with a rebound. 12:45 of 1st period - Adam Pelech is hit by Mitchell Marner and loses puck. 13:06 of 1st period - Shot by Mitchell Marner. 13:06 of 1st period - Shot Misses the Net. 13:30 of 1st period - Shot by Jordan Weal. 13:30 of 1st period - Stopped by Mike Smith with a rebound. 13:32 of 1st period - Shot by Brady Skjei. 13:32 of 1st period - Shot Misses the Net. 13:34 of 1st period - Shot by Colton Sissons. 13:34 of 1st period - Stopped by Mike Smith without a rebound. 13:35 of 1st period - Mathew Barzal wins face-off versus Oliver Bjorkstrand in SALEM BLACK JAYS zone. 14:01 of 1st period - Shot by Oliver Bjorkstrand. 14:01 of 1st period - Stopped by Mike Smith without a rebound. 14:02 of 1st period - Casey Cizikas wins face-off versus Colton Sissons in SALEM BLACK JAYS zone. 14:02 of 1st period - Casey Cizikas is hit by Carter Rowney. 14:09 of 1st period - Minor Penalty to Marco Scandella for Hooking. 14:10 of 1st period - Dylan Larkin wins face-off versus Alexander Radulov in SAN JOSE BRONCOS